 Dungeon Crawl Stone Soup version 0.27.1-33-g824d729ab1 (webtiles) character file.

Game seed: 15527986451580038967

5981 zeram the Basher (level 10, -3/81 HPs)
             Began as a Troll Fire Elementalist on Nov 28, 2021.
             Was an Initiate of Gozag.
             Killed by refrigeration
             ... invoked by Fannar
              (18 damage)
             ... on level 10 of the Dungeon.
             The game lasted 00:19:52 (7841 turns).

zeram the Basher (Troll Fire Elementalist)          Turns: 7841, Time: 00:19:53

Health: -3/81      AC: 13    Str: 18    XL:     10   Next: 55%
Magic:  19/19      EV: 11    Int: 18    God:    Gozag
Gold:   818        SH:  0    Dex: 10    Spells: 10/11 levels left

rFire    . . .     SeeInvis .   x - +2 giant club of Defence {speed, MP+9 Int+4}
rCold    . . .     Faith    .   (shield currently unavailable)
rNeg     . . .     Spirit   .   j - +0 steam dragon scales
rPois    .         Reflect  .   (helmet restricted)
rElec    .         Harm     .   k - +1 cloak
rCorr    .         Rampage  .   (gloves unavailable)
Will     +....                  (boots unavailable)
Stlth    +.........             (no amulet)
HPRegen  1.23/turn              I - +4 ring of protection
MPRegen  0.16/turn              q - ring of willpower

@: no status effects
A: large, unfitting armour, claws 3, regeneration 1, shaggy fur 1, tough skin 1
a: Renounce Religion, Potion Petition, Call Merchant, Bribe Branch


You were on level 10 of the Dungeon.
You worshipped Gozag.
Gozag was pleased with you.
You visited 2 branches of the dungeon, and saw 11 of its levels.

You collected 1063 gold pieces.
You spent 97 gold pieces at shops.
You paid 148 gold pieces to Gozag.

Inventory:

Hand Weapons
 d - a +0 whip
 f - a +0 spectral giant club
 m - a +6 club
 x - the +2 giant club of Defence (weapon) {speed, MP+9 Int+4}
   (You acquired it on level 7 of the Dungeon)

   Attacks with this weapon are significantly faster.
   Int:       It affects your intelligence (+4).
   MP:        It affects your magic capacity (+9).
Armour
 a - a +0 robe
 j - +0 steam dragon scales (worn)
 k - a +1 cloak (worn)
Magical Staves
 b - a staff of air
Jewellery
 c - a ring of protection from cold
 h - an amulet of magic regeneration
 n - a ring of ice
 q - a ring of willpower (right claw)
 D - a ring of flight
 E - a ring of magical power
 F - a ring of resist corrosion
 I - a +4 ring of protection (left claw)
Wands
 r - a wand of flame (19)
 C - a wand of iceblast (8)
 G - a wand of mindburst (17)
 J - a wand of paralysis (9)
Scrolls
 o - 3 scrolls of enchant weapon
 t - a scroll of vulnerability
 u - 3 scrolls of enchant armour
 v - a scroll of identify
 w - a scroll of silence
 y - 3 scrolls of amnesia
 A - 6 scrolls of teleportation
 B - a scroll of holy word
 H - a scroll of blinking
 L - a scroll of fog {unknown}
Potions
 e - 2 potions of attraction
 g - a potion of flight
 i - 3 potions of curing
 l - a potion of resistance
 s - 3 potions of cancellation
 z - a potion of mutation
 K - a potion of brilliance


   Skills:
 + Level 11.1 Maces & Flails
 + Level 6.7 Dodging
 - Level 1.0 Stealth
 - Level 1.2 Spellcasting
 * Level 4.2 Conjurations
 * Level 3.4 Fire Magic


You had 10 spell levels left.
You knew the following spells:

 Your Spells              Type           Power      Damage    Failure   Level
a - Foxfire               Conj/Fire      56%        2x1d6     4%          1

Your spell library contained the following spells:

 Spells                   Type           Power      Damage    Failure   Level
 Conjure Flame            Conj/Fire      14%        6-21      12%         3
 Static Discharge         Conj/Air       8%         N/A       13%         2
 Sandblast                Erth           2%         2d4       21%         1
 Inner Flame              Hex/Fire       7%         N/A       28%         3
 Passwall                 Tmut/Erth      0%         N/A       30%         2
 Sticky Flame             Conj/Fire      14%        2d4       38%         4
 Gell's Gravitas          Tloc           0%         N/A       52%         3
 Teleport Other           Tloc           1%         N/A       52%         3
 Fireball                 Conj/Fire      7%         3d5       75%         5
 Lightning Bolt           Conj/Air       4%         1d15      93%         5
 Lee's Rapid Deconstruct  Erth           0%         3d5*      99%         5
 Dispersal                Tloc           0%         N/A       100%        6
 Maxwell's Capacitive Co  Air            0%         ∞         100%        8


Dungeon Overview and Level Annotations

Branches:
Dungeon (10/15)            Temple (1/1) D:4
   Lair: D:8-11         Orc: D:9-12

Altars:
Ashenzari
Cheibriados
Dithmenos
Elyvilon
Fedhas
Gozag
Hepliaklqana
Kikubaaqudgha
Makhleb
Nemelex Xobeh
Okawaru
Qazlal
Ru
Sif Muna
Trog
Uskayaw
Vehumet
Wu Jian
Xom
Yredelemnul
Zin
The Shining One

Shops:
D:6 !*?   D:7 *

Annotations:
D:3 2 transporters
D:10 Fannar


Innate Abilities, Weirdness & Mutations

You are too large for most types of armour.
You have claws for hands.
Your natural rate of healing is unusually fast.
You are covered in fur. (AC +1)
You have tough skin. (AC +1)


Message History

Fannar freezes you.
You closely miss Fannar.
Fannar is moderately wounded.
Fannar hits you but does no damage.
You thump Fannar!
Fannar is moderately wounded.
You closely miss Fannar.
Fannar is moderately wounded.
Fannar gestures wildly while chanting.
Fannar drains the heat from the surrounding environment!
You sock Fannar!
Fannar is heavily wounded.
Fannar hits you with a +0 quarterstaff of freezing.
Fannar freezes you.
You closely miss Fannar.
Fannar is heavily wounded.
You sock Fannar!
Fannar is severely wounded.
Fannar casts a spell at you. The bolt of cold hits you!!
You closely miss Fannar.
Fannar is severely wounded.
Fannar mumbles some strange words.
Fannar drains the heat from the surrounding environment!
* * * LOW HITPOINT WARNING * * *
You closely miss Fannar.
Fannar is severely wounded.
You miss Fannar.
Fannar is severely wounded.
Fannar hits you with a +0 quarterstaff of freezing!
* * * LOW HITPOINT WARNING * * *
Fannar freezes you.
* * * LOW HITPOINT WARNING * * *
There is a stone staircase leading up here.
Okay, then.
Fannar brushes some snowflakes from their robe.
Fannar mumbles some strange words.
Fannar drains the heat from the surrounding environment!
You die...
Your body crumbles into a pile of gold.

#. #. #. #. ##+## ##
#...# ########...# ..
#......#...# ...
#@e....+...# ...
#......#'#######..
#####...........#..#..
#.....>.........'..#..
#....######.....#..#..
#....#....#.)...#..'..
#....#....#.....#..#..
#....'....#.....####..
#....#....#..........e


You could see Fannar.

Vanquished Creatures
  Pikel (D:5)
  Maggie (D:6)
  A raiju (shapeshifter) (D:8)
  A shadow (D:10)
  A wyvern (D:8)
  A vampire (D:9)
  2 steam dragons (D:9)
  2 water moccasins
  2 ice beasts
  A sky beast (D:7)
  3 orc warriors
  3 black bears
  2 ogres (D:4)
  A necrophage (D:5)
  6 centaurs
  A lemure (D:5)
  3 bullfrogs
  2 water moccasin zombies
  A wyvern zombie (D:8)
  3 scorpions (D:5)
  A wyvern skeleton (D:7)
  4 wights (D:7)
  6 killer bees
  A howler monkey (D:9)
  3 hounds
  4 centaur zombies
  2 gnoll shamans
  2 centaur skeletons (D:7)
  A jelly (D:6)
  Crazy Yiuf (D:6)
  7 orc priests
  2 iguanas
  Ijyb (D:5)
  Jessica (D:2)
  7 orc wizards
  5 gnolls
  4 adders
  2 ufetubi
  2 worms
  4 dart slugs
  26 orcs
  5 endoplasms
  3 giant cockroaches
  9 goblins
  6 hobgoblins
  10 jackals
  2 quokkas
  4 ball pythons
  8 bats
  3 frilled lizards
  8 kobolds
  12 rats
194 creatures vanquished.

Vanquished Creatures (collateral kills)
  An endoplasm (D:1)
1 creature vanquished.

Vanquished Creatures (others)
  A slime creature (D:9)
  An orc wizard (D:4)
  An adder (D:6)
  An orc (D:9)
  53 foxfires
  3 withered plants (D:2)
60 creatures vanquished.

Grand Total: 255 creatures vanquished

Notes
Turn   | Place    | Note
-------+----------+-------------------------------------------
     0 | D:1      | zeram the Troll Fire Elementalist began the quest for the
                  | Orb.
     0 | D:1      | Reached XP level 1. HP: 16/16 MP: 1/1
   212 | D:1      | Reached XP level 2. HP: 24/24 MP: 2/2
   542 | D:1      | Reached XP level 3. HP: 31/31 MP: 3/3
   549 | D:1      | Reached skill level 1 in Maces & Flails
  1037 | D:2      | Noticed Jessica
  1045 | D:2      | Killed Jessica
  1046 | D:2      | Reached XP level 4. HP: 22/39 MP: 1/4
  1083 | D:2      | Reached skill level 2 in Maces & Flails
  1363 | D:2      | Found a faded altar of an unknown god.
  1756 | D:3      | Found a transporter.
  1867 | D:3      | Reached skill level 1 in Conjurations
  1867 | D:3      | Reached XP level 5. HP: 44/45 MP: 5/5
  2261 | D:3      | Found a transporter.
  2702 | D:4      | Reached skill level 3 in Maces & Flails
  2703 | D:4      | Found a staircase to the Ecumenical Temple.
  2729 | Temple   | Entered the Ecumenical Temple
  2861 | D:4      | Found a hide-covered altar of Uskayaw.
  3044 | D:4      | Found an ornate altar of the Wu Jian Council.
  3173 | D:4      | Reached XP level 6. HP: 46/53 MP: 3/6
  3207 | D:4      | Noticed a water moccasin
  3208 | D:4      | Found a white marble altar of Elyvilon.
  3226 | D:4      | Killed a water moccasin
  3227 | D:4      | Reached skill level 4 in Maces & Flails
  3317 | D:4      | Found an iron altar of Okawaru.
  3402 | D:4      | Reached XP level 7. HP: 9/59 MP: 7/7
  3542 | D:4      | Reached skill level 5 in Maces & Flails
  3704 | D:5      | Entered Level 5 of the Dungeon
  3975 | D:5      | Reached skill level 6 in Maces & Flails
  4041 | D:5      | Noticed Ijyb
  4048 | D:5      | Reached XP level 8. HP: 58/67 MP: 8/8
  4053 | D:5      | Killed Ijyb
  4375 | D:6      | Found Iguolisa's Magic Scroll Emporium.
  4392 | D:6      | Noticed Maggie
  4405 | D:6      | Killed Maggie
  4406 | D:6      | Reached skill level 7 in Maces & Flails
  4406 | D:6      | Reached skill level 5 in Dodging
  4431 | D:6      | Bought a scroll of blinking for 97 gold pieces
  4451 | D:6      | Found Ydapnuic's Assorted Antiques.
  4476 | D:6      | Noticed Pikel
  4503 | D:5      | Killed Pikel
  4504 | D:5      | Reached skill level 8 in Maces & Flails
  4549 | D:6      | Reached XP level 9. HP: 74/74 MP: 9/9
  4618 | D:6      | Found Toamerchoras's Distillery.
  4818 | D:6      | Found a runed translucent door.
  4819 | D:6      | Noticed Crazy Yiuf
  4961 | D:6      | Killed Crazy Yiuf
  5141 | D:7      | Found a broken altar of Ashenzari.
  5170 | D:7      | Reached skill level 9 in Maces & Flails
  5183 | D:7      | Found Tuusmack's General Store.
  5243 | D:7      | Identified a scroll of acquirement
  5243 | D:7      | Acquired the +2 giant club of Defence {speed, MP+9 Int+4}
  5343 | D:7      | Found an opulent altar of Gozag.
  5429 | D:7      | Became a worshipper of Gozag Ym Sagoz the Greedy
  6022 | D:8      | Noticed an orb spider
  6040 | D:8      | an orb spider changed into a raiju
  6047 | D:8      | Reached skill level 10 in Maces & Flails
  6202 | D:8      | Found a shadowy altar of Dithmenos.
  6202 | D:8      | Found a hazy altar of Hepliaklqana.
  6203 | D:8      | Found a sacrificial altar of Ru.
  6206 | D:8      | Found a basalt altar of Yredelemnul.
  6407 | D:8      | Found a stormy altar of Qazlal.
  6607 | D:8      | Reached XP level 10. HP: 68/81 MP: 10/10
  7164 | D:9      | Found a bloodstained altar of Trog.
  7349 | D:10     | Entered Level 10 of the Dungeon
  7583 | D:10     | Reached skill level 11 in Maces & Flails
  7725 | D:10     | Noticed Fannar
  7841 | D:10     | Killed from afar by Fannar

Illustrated notes

Levels and vault maps discovered:
D:1:      amcnicky_arrival_blooded_trapdoor, layout_loops_cross
D:2:      layout_loops_corners, ebering_ecumenical_altar_petrified, uniq_jessica
D:3:      gammafunk_steamed_eel, layout_basic, hex_tiny,
          hangedman_feature_mirror
D:4:      layout_loops_cross, okawaru_trees_2, nicolae_overflow_crystal_walls,
          lemuel_crystal_altar, lemuel_crystal_altar,
          minmay_temple_entry_water_ring, chequers_serial_rivers_marsh,
          kennysheep_generic_room_14
D:5:      layout_cave_pools, uniq_ijyb
D:6:      layout_basic, serial_shops, nicolae_shop_behind_doors, shop,
          kennysheep_mini, uniq_pikel, uniq_maggie, uniq_crazy_yiuf_cottage
D:7:      layout_rooms, general_overflow_altar,
          nicolae_gozag_cash_rules_everything_around_me, serial_shops,
          nicolae_shop_stone, grunt_ministairs_3
D:8:      layout_loops_ring, nicolae_qazlal_eye_of_the_storm, minitemple
D:9:      layout_rooms, bloody_trog, hangedman_minor_gate_pass
D:10:     layout_gridville, dpeg_oklobed_lair, uniq_fannar
Temple:   eino_wide_crystal_templ

Skill      XL: |  1  2  3  4  5  6  7  8  9 10 |
---------------+-------------------------------+-----
Dodging        | 2 3 4 5 6 |  6.7
Maces & Flails | 1 2 3 4 6 8 10 11 | 11.1
Conjurations   | 1 2 3 4 |  4.2
Fire Magic     | 3 |  3.4
Stealth        | |  1.0
Spellcasting   | |  1.2

Action                   |  1- 3 |  4- 6 |  7- 9 | 10-12 || total
-------------------------+-------+-------+-------+-------++-------
Melee: Whip              |   185 |     3 |       |       ||   188
       Unarmed           |     5 |       |       |       ||     5
       Club              |       |   156 |       |       ||   156
       Giant club        |       |     1 |   218 |   160 ||   379
 Cast: Foxfire           |    11 |    19 |     2 |       ||    32
  Use: Scroll            |     2 |    10 |     8 |     4 ||    24
       Potion            |       |     4 |     2 |     2 ||     8
 Stab: Sleeping          |     5 |     1 |     1 |       ||     7
       Distracted        |       |       |     2 |     1 ||     3
Armor: Robe              |    85 |    77 |     6 |       ||   168
       Steam dragon scal |       |       |    89 |    68 ||   157
Dodge: Dodged            |   141 |   104 |   139 |    77 ||   461
